 Dungeon Crawl Stone Soup version 0.30-a0-847-g17996783a1 (webtiles) character file.

Game seed: 7125733387997183934

11127 juan097 the Carver (level 11, -14/86 HPs)
             Began as a Demigod Delver on Mar 4, 2023.
             Killed from afar by an acid dragon (19 damage)
             ... with a splash of acid
             ... on level 11 of the Dungeon.
             The game lasted 00:43:22 (12517 turns).

juan097 the Carver (Demigod Delver)                Turns: 12517, Time: 00:43:23

Health: -14/86     AC:  3    Str: 13    XL:     11   Next: 22%
Magic:  14/14      EV: 31    Int: 12    God:
Gold:   493        SH:  7    Dex: 27    Spells: 10/10 levels left

rFire   + . .      SeeInvis .    a - +0 falchion (elec)
rCold   + . .      Faith    .    j - +0 buckler
rNeg    . . .      Spirit   .    l - +0 ring mail
rPois   .          Reflect  .    v - +1 helmet
rElec   .          Rampage  .    y - +0 cloak
rCorr   .                        (no gloves)
Will    +....                    q - +1 pair of boots
Stlth   +++                      W - amulet of the acrobat
HPRegen 0.34/turn                S - ring of protection from fire
MPRegen 0.14/turn                O - ring of protection from cold

@: corroded, acrobatic, studying Conjurations
A: high MP 1, forlorn, divine attributes
a: no special abilities


You were on level 11 of the Dungeon.
You visited 1 branch of the dungeon, and saw 11 of its levels.

You collected 493 gold pieces.

Inventory:

Hand Weapons
 a - a +0 falchion of electrocution (weapon)
 b - a +0 sling of flaming
 w - a +4 dagger of draining
 M - a +2 short sword of venom
Missiles
 h - 5 datura-tipped darts
 r - 8 javelins
 z - 11 boomerangs
 D - 20 poisoned darts (quivered)
 H - 4 curare-tipped darts
 U - a throwing net
Armour
 e - a +1 chain mail of poison resistance
 j - a +0 buckler (worn)
 l - a +0 ring mail (worn)
 q - a +1 pair of boots (worn)
 v - a +1 helmet (worn)
 y - a +0 cloak (worn)
 B - a scarf of resistance
Magical Staves
 Y - a staff of poison
Jewellery
 K - a ring of fire
 N - a ring of wizardry
 O - a ring of protection from cold (right hand)
 S - a ring of protection from fire (left hand)
 W - an amulet of the acrobat (around neck)
Wands
 g - a wand of digging (7)
 F - a wand of roots (13)
 L - a wand of light (2)
 Q - a wand of charming (9)
 Z - a wand of polymorph (7)
Scrolls
 c - 3 scrolls of fog
 d - 2 scrolls of magic mapping
 i - a scroll of silence
 C - a scroll of fear
 E - 6 scrolls of amnesia {unknown}
 G - 2 scrolls of poison
 I - a scroll of brand weapon
 J - 3 scrolls of teleportation
 V - 2 scrolls of vulnerability
 X - 3 scrolls of blinking
Potions
 f - 2 potions of haste
 k - a potion of invisibility
 n - 3 potions of brilliance
 p - 3 potions of curing {unknown}
 t - 3 potions of lignification
 u - a potion of heal wounds {unknown}
 x - 2 potions of resistance {unknown}
 A - 2 potions of magic {unknown}
 P - a potion of ambrosia {unknown}
 R - 2 potions of attraction {unknown}
 T - 2 potions of flight {unknown}
Miscellaneous
 m - a tin of tremorstones (2/2)


   Skills:
 - Level 5.0 Fighting
 - Level 1.9(7.3) Short Blades
 + Level 11.1 Long Blades
 - Level 2.0 Ranged Weapons
 - Level 4.0 Armour
 + Level 7.8 Dodging
 + Level 4.5 Stealth
 + Level 6.3 Shields
 - Level 4.0 Evocations


You had 10 spell levels left.
You didn't know any spells.
Your spell library contained the following spells:

 Spells                   Type           Power      Damage    Failure   Level
 Apportation              Tloc           0%         N/A       65%         1
 Magic Dart               Conj           0%         1d3       65%         1
 Searing Ray              Conj           0%         2d4       78%         2
 Dazzling Flash           Conj/Hex       0%         N/A       95%         3
 Inner Flame              Hex/Fire       0%         N/A       95%         3
 Ozocubu's Armour         Ice            0%         N/A       95%         3
 Stone Arrow              Conj/Erth      0%         3d7       95%         3
 Animate Armour           Summ/Erth      0%         N/A       100%        4
 Flame Wave               Conj/Fire      0%         2d4       100%        4
 Fulminant Prism          Conj/Hex       0%         3d5       100%        4
 Iskenderun's Mystic Bla  Conj/Tloc      0%         2d3       100%        4
 Sticky Flame             Conj/Fire      0%         2d3       100%        4
 Summon Lightning Spire   Summ/Air       0%         N/A       100%        4
 Alistair's Intoxication  Tmut/Pois      0%         N/A       100%        5
 Metabolic Englaciation   Hex/Ice        0%         N/A       100%        5
 Simulacrum               Ice/Necr       0%         N/A       100%        6
 Starburst                Conj/Fire      0%         6d3       100%        6
 Storm Form               Tmut/Air       0%         N/A       100%        7
 Lehudib's Crystal Spear  Conj/Erth      0%         10d2      100%        8
 Maxwell's Capacitive Co  Air            0%         ∞         100%        8


Dungeon Overview and Level Annotations

Branches:
Dungeon (11/15)            Temple (0/1) D:5            Lair (0/5) D:8
    Orc (0/2) D:11

Shops:
D:4 :

Annotations:
D:3 2 transporters, oldplebian's ghost, weakling GnCA
D:7 3 runed translucent doors, relicbr's ghost, novice SpDe
D:10 4 transporters
D:11 exclusion: boulder beetle


Innate Abilities, Weirdness & Mutations

You have an increased reservoir of magic. (+10% MP)
You shall have no god before yourself.
Your divine heritage dramatically boosts your attributes as you level up.


Message History

You barely miss the acid dragon.
The acid dragon is lightly wounded.
You hit the acid dragon but do no damage.
Lightning courses through the acid dragon!
The acid dragon is severely wounded.
The acid dragon spits acid at you. The splash of acid hits you!!
* * * LOW HITPOINT WARNING * * *
You hear an angry buzzing noise.
You are too injured to fight recklessly!
You are too injured to fight recklessly!
You barely miss the acid dragon.
The acid dragon is severely wounded.
The acid dragon barely misses you. You block the acid dragon's attack.
You closely miss the acid dragon.
The acid dragon is severely wounded.
The acid dragon barely misses you. The acid dragon claws you.
* * * LOW HITPOINT WARNING * * *
You hit the acid dragon.
The acid dragon is almost dead.
You block the acid dragon's attack.
The acid dragon claws you but does no damage.
You hit the acid dragon but do no damage.
The acid dragon is almost dead.
A hornet comes into view.
The acid dragon bites you but does no damage.
The acid dragon claws you but does no damage.
As you read the scroll of fear, it crumbles to dust.
You assume a fearsome visage.
The acid dragon looks frightened!
The hornet looks frightened!
The acid dragon spits acid at you. The splash of acid hits you!!
* * * LOW HITPOINT WARNING * * *
The acid corrodes you!
Cornered, the acid dragon turns to fight!
The acid dragon spits acid at you. You block the splash of acid.
The acid dragon spits acid at you. The splash of acid hits you!!
You die...

...... #..####.# #...#
......######.......# #...#
..........[........###...#
####..................#
#.D.........#####..#
#...........# #..#
#...........# #..#
#...........# #..#
########........@..# #..#
#..................#####..#
.......................<..#
..........#############...#
..#######.# #...# #.# #.#
#...# ###### #.# #...#
.....## #.# #...#
###...###.# #...#


You could see an acid dragon (catching breath).

Vanquished Creatures
  A two-headed ogre (D:11)
  Urug (D:10)
  Pikel (D:7)
  A troll (D:11)
  Grinder (D:6)
  A hornet (D:9)
  A wraith (D:10)
  A wyvern (D:8)
  24 yaks
  4 steam dragons
  An acid dragon (D:9)
  2 wargs (D:11)
  A water moccasin (D:9)
  3 sky beasts
  2 ice beasts
  6 orc warriors
  3 black bears
  4 ogres
  A centaur (D:9)
  A phantom (D:5)
  3 bullfrogs
  2 kobold brigands
  3 scorpions
  10 wights
  8 killer bees
  3 electric eels
  A crimson imp (D:7)
  6 orc priests
  5 hounds
  A sleepcap (D:5)
  4 iguanas
  12 orc wizards
  7 adders
  2 shadow imps
  5 white imps
  An ufetubus (D:5)
  3 dart slugs
  27 orcs
  10 ball pythons
  6 bats
  7 endoplasms
  3 giant cockroaches
  8 goblins
  6 hobgoblins
  9 kobolds
  4 quokkas
  2 frilled lizards
  7 rats
225 creatures vanquished.

Vanquished Creatures (others)
  An orc (D:10)
  2 plants
3 creatures vanquished.

Grand Total: 228 creatures vanquished

Notes
Turn   | Place    | Note
-------+----------+-------------------------------------------
     0 | D:5      | juan097 the Demigod Delver began the quest for the Orb.
     0 | D:5      | Reached XP level 1. HP: 18/18 MP: 3/3
    35 | D:5      | Noticed an ice beast
    46 | D:4      | Found Paiwah's Book Shop.
   380 | D:1      | Reached XP level 2. HP: 23/25 MP: 4/4
   415 | D:1      | Reached skill level 1 in Long Blades
  1158 | D:1      | Reached XP level 3. HP: 31/31 MP: 5/5
  1559 | D:2      | Reached skill level 2 in Long Blades
  1905 | D:2      | Reached XP level 4. HP: 38/38 MP: 6/6
  2065 | D:3      | Found a transporter.
  2070 | D:3      | Noticed oldplebian's ghost (weakling GnCA)
  2188 | D:3      | Found a transporter.
  2189 | D:3      | Noticed a necrophage
  2937 | D:4      | Reached skill level 3 in Long Blades
  2937 | D:4      | Reached XP level 5. HP: 29/45 MP: 7/7
  3196 | D:4      | Noticed a black bear
  3457 | D:5      | Reached XP level 6. HP: 42/52 MP: 8/8
  3818 | D:6      | Reached skill level 4 in Long Blades
  3870 | D:6      | Reached skill level 1 in Armour
  4230 | D:6      | Reached XP level 7. HP: 59/59 MP: 9/9
  4365 | D:6      | Reached skill level 5 in Long Blades
  4679 | D:7      | Reached skill level 6 in Long Blades
  4679 | D:7      | Reached skill level 1 in Shields
  4818 | D:7      | Found a runed translucent gate.
  4818 | D:7      | Found a runed translucent gate.
  4818 | D:7      | Found a runed translucent gate.
  4820 | D:7      | Noticed relicbr's ghost (novice SpDe)
  4925 | D:7      | Reached XP level 8. HP: 66/66 MP: 10/10
  5050 | D:7      | Noticed a gargoyle
  5217 | D:8      | Reached skill level 5 in Dodging
  5432 | D:8      | Reached skill level 7 in Long Blades
  5570 | D:8      | Found a staircase to the Lair.
  6020 | D:7      | Reached XP level 9. HP: 56/71 MP: 11/11
  6130 | D:7      | Reached skill level 8 in Long Blades
  6349 | D:6      | Noticed Pikel
  6349 | D:6      | Noticed Grinder
  6364 | D:7      | Killed Pikel
  6489 | D:7      | Reached skill level 9 in Long Blades
  6701 | D:6      | Paralysed by Grinder for 3 turns
  6724 | D:6      | Killed Grinder
  7083 | D:5      | Found a staircase to the Ecumenical Temple.
  7362 | D:7      | Reached skill level 10 in Long Blades
  7362 | D:7      | Reached skill level 1 in Ranged Weapons
  7671 | D:8      | Reached XP level 10. HP: 60/76 MP: 13/13
  9501 | D:9      | Reached skill level 5 in Fighting
  9501 | D:9      | Reached skill level 5 in Shields
  9907 | D:10     | Entered Level 10 of the Dungeon
  9999 | D:10     | Found a transporter.
 10003 | D:10     | Found a transporter.
 10005 | D:10     | Found a transporter.
 10026 | D:10     | Found a transporter.
 10163 | D:10     | Noticed Urug
 10185 | D:10     | Killed Urug
 11576 | D:11     | Noticed a two-headed ogre
 11588 | D:11     | Killed a two-headed ogre
 11589 | D:11     | Reached XP level 11. HP: 62/86 MP: 14/14
 11916 | D:11     | Found a staircase to the Orcish Mines.
 12095 | D:11     | Reached skill level 11 in Long Blades
 12389 | D:11     | Noticed a boulder beetle
 12514 | D:11     | HP: 4/86 [acid dragon/splash of acid (21)]
 12517 | D:11     | Killed from afar by an acid dragon

Illustrated notes

Levels and vault maps discovered:
D:1:      dpeg_arrival_central, layout_basic, serial_glass, glass_columns_a,
          glass_columns_b, glass_columns_a, glass_columns_a, glass_columns_b,
          glass_columns_b, glass_columns_c, glass_columns_b, feat_on_display,
          feat_on_display, due_unseen_surprise
D:2:      layout_basic, minmay_cut_off
D:3:      layout_loops_corners, mainiacjoe_overflow_chevrons,
          gammafunk_ghost_mausoleum
D:4:      layout_rooms, serial_shops, nicolae_stop_n_shop_1
D:5:      layout_cave_pools, minmay_temple_entry_enclosed_plants,
          grunt_decor_one_mirror, minmay_manual_moon
D:6:      layout_rooms, nicolae_dithmenos_shadow_blocks, dk_noncrumbling_2,
          minmay_checkerbox, uniq_pikel, uniq_grinder
D:7:      layout_rooms, ebering_ghost_rock_garden, minmay_fire_ice_demons
D:8:      layout_loops_ring, david_lair_generic
D:9:      layout_cave_pods, grunt_temple_overflow_open, serial_park,
          serial_park_tiny_2, serial_park_tiny_pond, serial_park_square3
          [serial_park_minivault_5x5_5], serial_park_fountain
D:10:     layout_basic, minivault_14, nicolae_transporter_circle, uniq_urug
D:11:     layout_small_grid, david_orc_1_choice

Skill      XL: |  1  2  3  4  5  6  7  8  9 10 11 |
---------------+----------------------------------+-----
Dodging        | 2 3 4 6 7 |  7.8
Long Blades    | 1 2 3 4 6 7 10 11 | 11.1
Fighting       | 3 4 5 |  5.0
Armour         | 1 2 4 |  4.0
Shields        | 2 4 5 6 |  6.3
Evocations     | 2 4 |  4.0
Ranged Weapons | 1 2 |  2.0
Short Blades   | |  1.9
Stealth        | |  4.5

Action                     |  1- 3 |  4- 6 |  7- 9 | 10-12 || total
---------------------------+-------+-------+-------+-------++-------
  Melee: Falchion          |    58 |    93 |   266 |   293 ||   710
         Dagger            |     5 |     4 |     2 |     3 ||    14
         Short sword       |     1 |       |    25 |    29 ||    55
         Punch             |       |     1 |       |       ||     1
   Fire: Sling             |    41 |    66 |    73 |   111 ||   291
  Throw: Dart              |       |       |    10 |     6 ||    16
  Evoke: Wand              |     1 |       |     3 |     7 ||    11
    Use: Scroll            |     1 |       |       |    12 ||    13
         Potion            |       |       |     1 |     2 ||     3
   Stab: Sleeping          |     6 |     2 |     1 |       ||     9
         Invisible         |       |       |       |     3 ||     3
 Armour: Leather armour    |     5 |       |       |       ||     5
         Ring mail         |    22 |    35 |    60 |    61 ||   178
         Skin              |       |       |       |    10 ||    10
  Dodge: Dodged            |    41 |    64 |   139 |   197 ||   441
  Block: Buckler           |       |       |    62 |   109 ||   171

Table legend: (Time is in decaauts)
 A = Elapsed time spent in this place.
 B = Non-inter-level travel time spent in this place.
 C = Inter-level travel time spent in this place.
 D = Time resting spent in this place.
 E = Time spent auto-exploring this place.
 F = Levels seen in this place.
 G = Mean time per level.
                   A        B        C        D        E       F      G
               +--------+--------+--------+--------+--------+-----+--------+
         Total |  12507 |  12013 |    494 |    825 |   8185 |  11 | 1137.0 |
       Dungeon |  12507 |  12013 |    494 |    825 |   8185 |  11 | 1137.0 |
               +--------+--------+--------+--------+--------+-----+--------+

Top non-repeatable levels by time:
     D:9: 1683 daAuts
     D:7: 1649 daAuts
    D:10: 1586 daAuts
     D:8: 1523 daAuts
     D:1: 1088 daAuts
     D:6: 1019 daAuts
    D:11: 905 daAuts
     D:3: 895 daAuts
     D:5: 874 daAuts
     D:2: 683 daAuts
     D:4: 598 daAuts
